[Event "Titled Tuesday Blitz March 07 Late 2023"]
[White "Vovk, Orest"]
[Black "Hjartarson, Johann"]
[WhiteFideId "14113490"]
[BlackFideId "2300044"]
[WhiteElo "2215"]
[BlackElo "2416"]
[Result "1-0"]
[Round "07"]
[TimeControl "180+2"]
[Date "2023.03.07"]
[WhiteClock "0:00:07"]
[BlackClock "0:00:02"]

1. h4 d5 2. h5 h6 3. e4 dxe4 4. Nc3 Nf6 5. Qe2 Nc6 6. Nxe4 Nd4 7. Nxf6+ gxf6 8. Qd1 Bf5 9. d3 Qd7 10. Be3 e6 11. Rh4 Nc6 12. c3 Rg8 13. Qa4 a6 14. d4 Ne7 15. Qxd7+ Kxd7 16. O-O-O c6 17. g3 Bh7 18. Bd3 Bxd3 19. Rxd3 Nf5 20. Rf4 Nxe3 21. Rxe3 f5 22. Nf3 Be7 23. Kc2 Bg5 24. Nxg5 hxg5 25. Rff3 g4 26. Rf4 Rg5 27. f3 gxf3 28. Rexf3 Rag8 29. Rh4 Ke7 30. Kb3 Rh8 31. h6 Rg6 32. Kc4 b6 33. a4 Rgxh6 34. Rxh6 Rxh6 35. b4 Rh1 36. a5 bxa5 37. bxa5 Rb1 38. Kc5 Kd7 39. c4 Kc7 40. g4 Ra1 41. Kb4 Rb1+ 42. Kc5 Ra1 43. Kb4 fxg4 44. Rxf7+ Kd6 45. Rg7 Rb1+ 46. Kc3 Ra1 47. c5+ Kd5 48. Rg5+ Ke4 49. Rxg4+ Kf5 50. Rg7 Rxa5 51. Rc7 e5 52. Rxc6 exd4+ 53. Kxd4 Ra1 54. Rc8 Rd1+ 55. Kc4 Ke6 56. c6 Rc1+ 57. Kb4 Kd6 58. Rd8+ Kc7 59. Rh8 Rxc6 60. Rh7+ Kb6 61. Rh5 Rd6 62. Rh4 1-0


[Site "https://www.chess.com"]

[Event "Titled Tuesday Blitz March 07 Late 2023"]
[White "Hernandez Sanchez, Elvis De La Caridad"]
[Black "Pfreundt, Jakob"]
[WhiteFideId "6400353"]
[BlackFideId "12918156"]
[WhiteElo "2470"]
[BlackElo "2318"]
[Result "1-0"]
[Round "07"]
[TimeControl "180+2"]
[Date "2023.03.07"]
[WhiteClock "0:01:40"]
[BlackClock "0:00:01"]

1. e4 e5 2. Nf3 Nf6 3. Nc3 Nc6 4. d4 exd4 5. Nxd4 Bb4 6. Nxc6 bxc6 7. Bd3 O-O 8. O-O d5 9. exd5 cxd5 10. h3 c6 11. Qf3 Bd6 12. Bg5 Rb8 13. Rab1 h6 14. Bxf6 Qxf6 15. Qxf6 gxf6 16. b3 Be6 17. Ne2 c5 18. c4 d4 19. Ng3 Bxg3 20. fxg3 Kg7 21. Rf4 Rb6 22. Rbf1 Bc8 23. Bf5 Bxf5 24. Rxf5 Rc8 25. Rd5 Rc7 26. Rf4 Kf8 27. Rh4 a5 28. Rxh6 a4 29. bxa4 Ke7 30. Rhh5 Rb1+ 31. Kh2 Rb4 32. Rxc5 Rxc5 33. Rxc5 Rxa4 34. h4 Ke6 35. h5 f5 36. Rc6+ 1-0


[Site "https://www.chess.com"]

[Event "Titled Tuesday Blitz March 07 Late 2023"]
[White "Sai Han Thiha"]
[Black "Sreyas Payyappat"]
[WhiteFideId "13012290"]
[BlackFideId "46674969"]
[WhiteElo "1954"]
[BlackElo "2083"]
[Result "0-1"]
[Round "07"]
[TimeControl "180+2"]
[Date "2023.03.07"]
[WhiteClock "0:00:03"]
[BlackClock "0:00:06"]

1. d4 Nf6 2. c4 c5 3. d5 e6 4. Nc3 exd5 5. cxd5 d6 6. Nf3 g6 7. Nd2 Bg7 8. e4 O-O 9. Be2 a6 10. a4 Nbd7 11. O-O Re8 12. h3 Rb8 13. Re1 h6 14. Qc2 g5 15. Nc4 Nb6 16. Nxb6 Qxb6 17. f4 c4+ 18. Kh1 Qf2 19. Rf1 Qh4 20. Bxc4 g4 21. Qf2 Qh5 22. e5 gxh3 23. exf6 hxg2+ 24. Kxg2 Bh3+ 25. Kg1 Bxf1 26. Bxf1 Bxf6 27. Bd2 Kh8 28. Bg2 Rg8 29. Ne4 Bxb2 30. Rb1 Rxg2+ 31. Kxg2 Rg8+ 32. Ng3 Qxd5+ 33. Kg1 Bd4 34. Be3 Qe4 35. Re1 Bxe3 36. Rxe3 Qb1+ 37. Kg2 Qg6 38. Qb2+ Kh7 39. Rf3 h5 40. f5 Qg5 41. Qxb7 h4 42. Qxf7+ Rg7 43. Qf8 hxg3 44. f6 Qd2+ 45. Kf1 g2+ 46. Kg1 Qd1+ 47. Kh2 g1=Q+ 48. Kh3 Qh1# 0-1


[Site "https://www.chess.com"]

[Event "Titled Tuesday Blitz March 07 Late 2023"]
[White "Przybylski, Wojciech"]
[Black "Di Berardino, Diego Rafael"]
[WhiteFideId "1117599"]
[BlackFideId "2105446"]
[WhiteElo "2222"]
[BlackElo "2432"]
[Result "1-0"]
[Round "07"]
[TimeControl "180+2"]
[Date "2023.03.07"]
[WhiteClock "0:00:26"]
[BlackClock "0:00:07"]

1. d4 Nf6 2. Nc3 c5 3. Nf3 cxd4 4. Nxd4 Nc6 5. e4 e6 6. Ndb5 Bb4 7. a3 Bxc3+ 8. Nxc3 d5 9. exd5 Nxd5 10. Bd3 Nxc3 11. bxc3 O-O 12. O-O e5 13. Re1 Re8 14. Qh5 g6 15. Qh6 Qf6 16. Bg5 Qg7 17. Qh4 f5 18. Bf6 Qf7 19. Bb5 Bd7 20. Rad1 e4 21. Rd6 Re6 22. Bc4 Rae8 23. Red1 Bc8 24. h3 h5 25. Qg5 Kh7 26. Bxe6 Bxe6 27. Bd4 f4 28. Re1 e3 29. fxe3 f3 30. Rf1 Bf5 31. Rxf3 Qe7 32. Rxf5 Nxd4 33. Qxg6+ 1-0


[Site "https://www.chess.com"]

[Event "Titled Tuesday Blitz March 07 Late 2023"]
[White "Papayan, Oleg"]
[Black "Prem, Pranav"]
[WhiteFideId "4193911"]
[BlackFideId "30901057"]
[WhiteElo "2153"]
[BlackElo "1970"]
[Result "1-0"]
[Round "07"]
[TimeControl "180+2"]
[Date "2023.03.07"]
[WhiteClock "0:00:10"]
[BlackClock "0:00:30"]

1. e4 c5 2. Nf3 d6 3. d4 cxd4 4. Qxd4 Nc6 5. Bb5 Bd7 6. Bxc6 Bxc6 7. Nc3 Nf6 8. Bg5 e6 9. O-O-O Be7 10. Rhe1 O-O 11. e5 dxe5 12. Nxe5 Qc7 13. Nxc6 Qxc6 14. f3 b5 15. Ne4 Rac8 16. c3 Rfd8 17. Qe5 Nd5 18. Bxe7 Nxe7 19. Rxd8+ Rxd8 20. Rd1 Rxd1+ 21. Kxd1 Qd5+ 22. Qxd5 Nxd5 23. Kd2 Kf8 24. g3 Ke7 25. Kd3 f6 26. b3 f5 27. Nd2 Kd6 28. a3 g5 29. c4 Nc7 30. cxb5 Nxb5 31. a4 Nc7 32. b4 Kd5 33. Nf1 f4 34. gxf4 gxf4 35. Nd2 e5 36. Ne4 Na6 37. b5 Nb4+ 38. Kc3 Na2+ 39. Kb2 Nb4 40. Nf6+ Kd4 41. Nxh7 Ke3 42. Ng5 Nd3+ 43. Kb3 Kd4 44. h4 Nc5+ 45. Kb4 Nd7 46. h5 Nf6 47. h6 Kd5 48. h7 Nxh7 49. Nxh7 e4 50. Nf6+ 1-0


[Site "https://www.chess.com"]

[Event "Titled Tuesday Blitz March 07 Late 2023"]
[White "Brozyna, Mateusz"]
[Black "Flores Quillas, Diego Saul Rodri"]
[WhiteFideId "21816140"]
[BlackFideId "3822508"]
[WhiteElo "2189"]
[BlackElo "2326"]
[Result "0-1"]
[Round "07"]
[TimeControl "180+2"]
[Date "2023.03.07"]
[WhiteClock "0:00:08"]
[BlackClock "0:00:07"]

1. e4 c5 2. Nf3 d6 3. Bb5+ Nd7 4. a4 a6 5. Bc4 Ngf6 6. Nc3 e6 7. O-O b6 8. d4 cxd4 9. Qxd4 Bb7 10. Rd1 Qc7 11. Be3 Rc8 12. Bf1 Be7 13. h3 O-O 14. Nd2 e5 15. Qd3 Nc5 16. Bxc5 dxc5 17. Nc4 Rcd8 18. Qf3 Rd4 19. Ne3 Nxe4 20. Ncd5 Qd7 21. Rxd4 cxd4 22. Qxe4 dxe3 23. Nxe7+ Qxe7 24. Qxe3 Qd6 25. Re1 Re8 26. c3 h6 27. Qd3 Qc6 28. Qc4 Qd6 29. Qd3 Qc6 30. Qc4 Qf6 31. Qc7 Re7 32. Qd8+ Kh7 33. Re3 e4 34. Bc4 Qg5 35. Rg3 Qf6 36. Bd5 Bxd5 37. Qxd5 Qf4 38. Re3 Re6 39. Qc4 a5 40. Qd4 Qf5 41. Qd7 Qf4 42. Qd4 g5 43. g3 Qf5 44. Kg2 Kg6 45. Qd2 Qc5 46. Qe2 f5 47. Qd2 Qc6 48. Qd4 f4 49. Re2 f3+ 50. Kf1 fxe2+ 51. Kxe2 Rd6 52. Ke3 Rxd4 53. Kxd4 Qxa4+ 54. Ke5 Qc2 55. f4 e3 56. f5+ Qxf5+ 57. Kd4 e2 58. Ke3 e1=Q+ 59. Kd4 Qd2+ 60. Kc4 Qfd5# 0-1


[Site "https://www.chess.com"]

[Event "Titled Tuesday Blitz March 07 Late 2023"]
[White "Lewtak, Damian"]
[Black "Koutlas, Nikolaos"]
[WhiteFideId "1141724"]
[BlackFideId "25827138"]
[WhiteElo "2302"]
[BlackElo "2215"]
[Result "1-0"]
[Round "07"]
[TimeControl "180+2"]
[Date "2023.03.07"]
[WhiteClock "0:00:06"]
[BlackClock "0:00:02"]

1. e4 c5 2. Nf3 Nc6 3. Bb5 g6 4. Bxc6 bxc6 5. O-O Bg7 6. d3 Nf6 7. Nc3 O-O 8. Re1 d6 9. e5 Nd5 10. Nxd5 cxd5 11. exd6 Qxd6 12. c3 Rb8 13. d4 cxd4 14. Nxd4 e5 15. Nb3 Be6 16. Be3 d4 17. cxd4 Bxb3 18. axb3 exd4 19. Bg5 Qd5 20. Be7 Rfe8 21. Rxa7 Rxb3 22. Ba3 Rxe1+ 23. Qxe1 Rb8 24. Ra5 Qd7 25. g3 d3 26. Qd2 h5 27. Ra6 Be5 28. Ra5 Bd4 29. Ra6 Be5 30. Ra5 Re8 31. Bb4 Bd4 32. Bc3 Re2 33. Ra8+ Kh7 34. Qxd3 Bxf2+ 35. Kf1 Qh3+ 36. Kxe2 Qg2 37. Rh8# 1-0


[Site "https://www.chess.com"]

[Event "Titled Tuesday Blitz March 07 Late 2023"]
[White "Vlassov, Nikolai"]
[Black "Elissalt Cardenas, Hector"]
[WhiteFideId "4103360"]
[BlackFideId "3500632"]
[WhiteElo "2324"]
[BlackElo "2202"]
[Result "1/2-1/2"]
[Round "07"]
[TimeControl "180+2"]
[Date "2023.03.07"]
[WhiteClock "0:00:11"]
[BlackClock "0:00:15"]

1. e4 d6 2. f4 c5 3. Nf3 Nc6 4. Nc3 Bg4 5. Bb5 Rc8 6. d4 cxd4 7. Qxd4 Bxf3 8. gxf3 a6 9. Bxc6+ Rxc6 10. Be3 e6 11. O-O-O Qc7 12. Rhg1 Nf6 13. Kb1 Rc4 14. Qa7 g6 15. f5 Bg7 16. fxe6 fxe6 17. e5 dxe5 18. Bb6 Qc6 19. Rd8+ Kf7 20. Rxh8 Bxh8 21. Be3 Bg7 22. Bc1 Bf8 23. Re1 Bc5 24. Qb8 Bd4 25. Ne4 Nxe4 26. fxe4 Rxc2 27. Qh8 Rf2 28. Qxh7+ Kf6 29. Qh8+ Kf7 30. Qh7+ Kf6 31. Qh8+ Kf7 32. Qh7+ 1/2-1/2


[Site "https://www.chess.com"]

[Event "Titled Tuesday Blitz March 07 Late 2023"]
[White "Averjanov, Alexey"]
[Black "Rangel, Daniel"]
[WhiteFideId "14109867"]
[BlackFideId "2124475"]
[WhiteElo "2588"]
[BlackElo "2256"]
[Result "1-0"]
[Round "07"]
[TimeControl "180+2"]
[Date "2023.03.07"]
[WhiteClock "0:00:46"]
[BlackClock "0:00:51"]

1. d4 Nf6 2. c4 e6 3. Nf3 d5 4. e3 Bb4+ 5. Nbd2 O-O 6. Bd3 a6 7. O-O dxc4 8. Nxc4 c5 9. a3 b5 10. Nce5 c4 11. axb4 cxd3 12. Nxd3 Nc6 13. Bd2 Qe7 14. Nc5 Nd5 15. Qb3 Nb6 16. Bc3 Rd8 17. Rfd1 Rd5 18. e4 Rd8 19. d5 Nb8 20. dxe6 Bxe6 21. Rxd8+ Qxd8 22. Nxe6 fxe6 23. Qxe6+ Kh8 24. Ng5 Ra7 25. Qf7 Qg8 26. Qxa7 1-0


[Site "https://www.chess.com"]

[Event "Titled Tuesday Blitz March 07 Late 2023"]
[White "Marczuk, Dominik"]
[Black "Melikyan, Gnel"]
[WhiteFideId "1111264"]
[BlackFideId "54109990"]
[WhiteElo "2174"]
[BlackElo "2138"]
[Result "0-1"]
[Round "07"]
[TimeControl "180+2"]
[Date "2023.03.07"]
[WhiteClock "0:00:03"]
[BlackClock "0:00:17"]

1. e4 d6 2. d4 Nf6 3. Nc3 e5 4. Nf3 Nc6 5. Bb5 Bd7 6. dxe5 Nxe5 7. Bxd7+ Qxd7 8. O-O O-O-O 9. Bf4 Nxf3+ 10. Qxf3 Qg4 11. Qxg4+ Nxg4 12. Bg3 Re8 13. h3 Nf6 14. f3 g6 15. Rad1 Bg7 16. Nb5 a6 17. Nd4 d5 18. e5 Nh5 19. Bh2 Bxe5 20. f4 Bxd4+ 21. Rxd4 c6 22. c4 dxc4 23. Rxc4 Re2 24. Rf2 Rhe8 25. Rc2 Rxc2 26. Rxc2 Nf6 27. Kf2 Nd5 28. Rd2 Kd7 29. Kf3 Re1 30. Kg4 h6 31. Bg3 Rf1 32. Bf2 b5 33. Kf3 a5 34. g4 Rh1 35. Kg2 Ra1 36. a3 f5 37. Kf3 Rb1 38. g5 h5 39. Bd4 Rf1+ 40. Bf2 Kc7 41. Re2 Kd7 42. Rd2 Rh1 43. Kg2 Rc1 44. Kf3 Rc4 45. Bd4 c5 46. Be5 Ke6 47. Re2 Kd7 48. Rd2 Kc6 49. Re2 b4 50. axb4 cxb4 51. Bb8 a4 52. Re6+ Kb7 53. Be5 Rc6 54. Re8 a3 55. bxa3 bxa3 56. Rd8 Nc3 57. Rd3 Nb5 58. Ke3 Ka6 59. Rd8 Ka5 60. Kd3 Kb4 61. Ra8 Rc1 62. Ra6 Rh1 63. Rxg6 Rxh3+ 64. Kd2 a2 65. Ra6 Kb3 66. g6 Rg3 67. g7 h4 68. Ke2 h3 69. Kf2 Rg2+ 70. Kf3 Rg4 71. Rh6 Nc3 0-1


[Site "https://www.chess.com"]

[Event "Titled Tuesday Blitz March 07 Late 2023"]
[White "Cheng, Xiao"]
[Black "Ismagilov, Damir"]
[WhiteFideId "2022915"]
[BlackFideId "34199982"]
[WhiteElo "2441"]
[BlackElo "2078"]
[Result "1-0"]
[Round "07"]
[TimeControl "180+2"]
[Date "2023.03.07"]
[WhiteClock "0:00:42"]
[BlackClock "0:00:10"]

1. e4 c5 2. Nf3 e6 3. d4 cxd4 4. Nxd4 Nf6 5. Nc3 Nc6 6. Ndb5 Bc5 7. Bf4 O-O 8. Bd6 Qb6 9. Bxc5 Qxc5 10. Qd6 Qb6 11. Qc7 Qc5 12. Qd6 Qg5 13. h4 Qe5 14. Qd3 d5 15. O-O-O dxe4 16. Qe3 Ng4 17. Qd2 a6 18. Nd4 Nxd4 19. Qxd4 Qf4+ 20. Qd2 Qxf2 21. Be2 e5 22. Nxe4 Qe3 23. Bf3 Bf5 24. Qxe3 Nxe3 25. Rde1 Nc4 26. b3 Na3 27. Kb2 Nb5 28. Ng3 Bg6 29. Rxe5 Nd4 30. h5 Bxc2 31. Bxb7 Rab8 32. Bxa6 Bxb3 33. axb3 Rxb3+ 34. Ka2 Rxg3 35. Bb7 h6 36. Rd1 Ne6 37. Bf3 Rg6 38. hxg6 fxg6 39. Rxe6 1-0


[Site "https://www.chess.com"]

[Event "Titled Tuesday Blitz March 07 Late 2023"]
[White "Almeida Quintana, Omar"]
[Black "Pein, Jonathan"]
[WhiteFideId "3503313"]
[BlackFideId "417092"]
[WhiteElo "2530"]
[BlackElo "2151"]
[Result "1-0"]
[Round "07"]
[TimeControl "180+2"]
[Date "2023.03.07"]
[WhiteClock "0:00:17"]
[BlackClock "0:00:08"]

1. d4 d6 2. Nf3 Nf6 3. c4 g6 4. Nc3 Bg7 5. e4 O-O 6. h3 b6 7. Be3 Bb7 8. Qc2 c5 9. d5 Na6 10. a3 Nc7 11. Rd1 Re8 12. Be2 e6 13. O-O exd5 14. exd5 Bc8 15. Bd3 Rxe3 16. fxe3 Bh6 17. Qf2 Qe7 18. Rde1 Ba6 19. e4 Nd7 20. e5 dxe5 21. Qg3 Bg7 22. Ng5 f6 23. Nxh7 Kxh7 24. Qxg6+ Kg8 25. Qh7+ Kf8 26. Ne4 Nxd5 27. Ng3 Nc7 28. h4 Ne6 29. h5 Ng5 30. Qg6 Qf7 31. Qf5 Bxc4 32. Bxc4 Qxc4 33. Qxg5 e4 34. h6 Bh8 35. h7 Qd4+ 36. Kh1 Ke7 37. Nf5+ Kd8 38. Qg8+ Kc7 39. Nxd4 Rxg8 40. hxg8=Q cxd4 41. Qxh8 f5 42. Rxe4 Kc6 43. Qxd4 Nc5 44. Rc1 fxe4 45. b4 e3 46. bxc5 Kb7 47. c6+ Ka6 48. Qa4# 1-0


[Site "https://www.chess.com"]

[Event "Titled Tuesday Blitz March 07 Late 2023"]
[White "Hoffmann, Asa"]
[Black "Poliakova, Varvara"]
[WhiteFideId "2001470"]
[BlackFideId "13518313"]
[WhiteElo "2117"]
[BlackElo "2075"]
[Result "0-1"]
[Round "07"]
[TimeControl "180+2"]
[Date "2023.03.07"]
[WhiteClock "0:00:48"]
[BlackClock "0:01:13"]

1. d4 f5 2. Nc3 d5 3. f3 e6 4. e4 Nf6 5. Bg5 Be7 6. exf5 exf5 7. Bd3 O-O 8. Nh3 c6 9. O-O h6 10. Bd2 Nbd7 11. Nf4 Nb6 12. Re1 Re8 13. b3 Bd6 14. Nce2 Bd7 15. c4 dxc4 16. bxc4 g5 17. Ng6 c5 18. Bc3 Na4 19. Qc2 Nxc3 20. Qxc3 Kg7 21. Ne5 cxd4 22. Nxd4 Bxe5 23. Rxe5 Rxe5 24. Nxf5+ Rxf5 25. Bxf5 Bxf5 26. Re1 Qd7 27. h3 Re8 28. Rc1 Rd8 29. c5 Qd4+ 30. Qxd4 Rxd4 31. c6 bxc6 32. Rxc6 Ra4 33. g4 Bd3 34. Rd6 Bc4 35. Rd4 Nd5 36. h4 Nf4 37. hxg5 hxg5 38. Re4 Kf6 39. Rd4 Ne2+ 40. Kf2 Nxd4 0-1


[Site "https://www.chess.com"]

[Event "Titled Tuesday Blitz March 07 Late 2023"]
[White "Filgueira, Hernan"]
[Black "Beukes, Dante M"]
[WhiteFideId "101770"]
[BlackFideId "15200540"]
[WhiteElo "2363"]
[BlackElo "2199"]
[Result "1-0"]
[Round "07"]
[TimeControl "180+2"]
[Date "2023.03.07"]
[WhiteClock "0:00:19"]
[BlackClock "0:00:01"]

1. c4 Nf6 2. Nc3 g6 3. e4 e5 4. Nf3 Bg7 5. Nxe5 O-O 6. Nf3 Re8 7. d3 c6 8. Be2 d5 9. cxd5 cxd5 10. e5 Ng4 11. d4 Nc6 12. O-O Nh6 13. Bxh6 Bxh6 14. h3 Be6 15. Nb5 f6 16. exf6 Qxf6 17. Nc7 Rac8 18. Nxe8 Rxe8 19. Bb5 Rf8 20. Re1 Bf5 21. Bxc6 bxc6 22. Qe2 Be4 23. Rad1 Qf4 24. Ne5 Qg5 25. Qg4 Qf6 26. Rf1 Bf5 27. Qe2 Qg5 28. f4 Qh4 29. Qf2 Qd8 30. Nxc6 Qd6 31. Ne5 Be4 32. Qh4 Bg7 33. Rf2 Rb8 34. b3 Bf6 35. Qg3 Bg7 36. Rc1 Rd8 37. Qc3 Rf8 38. Qc6 Qb4 39. Qc5 Qb7 40. Qc6 Qb4 41. Qe6+ 1-0


[Site "https://www.chess.com"]

[Event "Titled Tuesday Blitz March 07 Late 2023"]
[White "Musovic, Armin"]
[Black "Chan, Kim Yew"]
[WhiteFideId "939935"]
[BlackFideId "5717981"]
[WhiteElo "2321"]
[BlackElo "2206"]
[Result "0-1"]
[Round "07"]
[TimeControl "180+2"]
[Date "2023.03.07"]
[WhiteClock "0:01:45"]
[BlackClock "0:00:40"]

1. a3 Nf6 2. Nc3 d5 3. d4 Bf5 4. Bg5 Nbd7 5. Bh4 e6 6. Nf3 Be7 7. e3 O-O 8. Bd3 Bg6 9. O-O c5 10. Re1 Rc8 11. Bxg6 hxg6 12. Qd3 cxd4 13. exd4 Qb6 14. Ne5 Qd8 15. Re2 Nxe5 16. Rxe5 Nd7 17. Bxe7 Nxe5 18. dxe5 Qxe7 19. Kh1 Rc4 20. Nb5 Qc5 21. Nd6 Rxc2 22. g3 Qxf2 0-1


[Site "https://www.chess.com"]

[Event "Titled Tuesday Blitz March 07 Late 2023"]
[White "Seletsky, Grigory"]
[Black "Danielian, Vardan"]
[WhiteFideId "14112191"]
[BlackFideId "13301594"]
[WhiteElo "2490"]
[BlackElo "2557"]
[Result "0-1"]
[Round "07"]
[TimeControl "180+2"]
[Date "2023.03.07"]
[WhiteClock "0:00:18"]
[BlackClock "0:00:18"]

1. e4 c5 2. Nc3 g6 3. h4 h5 4. Nh3 Bg7 5. Ng5 Nc6 6. Bc4 e6 7. d3 Nf6 8. Bb3 Nd4 9. f4 O-O 10. Ne2 Nxb3 11. axb3 d5 12. Be3 b6 13. Qd2 Bb7 14. Ng3 Ng4 15. e5 a5 16. O-O Qd7 17. d4 c4 18. Rf3 cxb3 19. cxb3 a4 20. bxa4 Rxa4 21. Rxa4 Qxa4 22. Bf2 Qa1+ 23. Nf1 Ba6 24. Be1 Bxf1 25. Rxf1 Rc8 26. Bf2 Qa4 27. Rc1 Rxc1+ 28. Qxc1 Nxf2 29. Qc8+ Bf8 30. Nh7 Qd1+ 31. Kxf2 Qxd4+ 32. Ke2 Qe4+ 33. Kd1 Kxh7 34. Qxf8 Qxf4 35. g3 Qf5 36. b4 b5 37. Qe7 d4 38. Qf6 Qxf6 39. exf6 g5 40. Ke2 gxh4 41. gxh4 Kg6 42. Kd3 e5 43. Ke4 Kxf6 0-1


[Site "https://www.chess.com"]

[Event "Titled Tuesday Blitz March 07 Late 2023"]
[White "Paszewski, Mateusz"]
[Black "Guzman Moneo, Alberto"]
[WhiteFideId "1141058"]
[BlackFideId "2209616"]
[WhiteElo "2223"]
[BlackElo "2157"]
[Result "1-0"]
[Round "07"]
[TimeControl "180+2"]
[Date "2023.03.07"]
[WhiteClock "0:00:54"]
[BlackClock "0:00:56"]

1. Nf3 g6 2. e4 c5 3. d4 cxd4 4. Nxd4 Nc6 5. c4 Nf6 6. Nc3 d6 7. f3 Nxd4 8. Qxd4 Bg7 9. Be3 O-O 10. Qd2 a5 11. Na4 Nd7 12. O-O-O Qc7 13. Kb1 Nc5 14. Nc3 Be6 15. g4 f5 16. gxf5 gxf5 17. Rg1 fxe4 18. fxe4 Rf7 19. Bh6 Raf8 20. Be2 Kh8 21. Bxg7+ Rxg7 22. Qd4 Rg8 23. Rxg7 Rxg7 24. Rg1 Bg4 25. Rxg4 e5 26. Qg1 Rxg4 27. Qxg4 Qf7 28. Qf5 Qxf5 29. exf5 Kg7 30. Nb5 Ne4 31. Bd3 Nf2 32. Kc2 e4 33. Be2 Kf6 34. Nxd6 b6 35. Nc8 Kxf5 36. Nxb6 Ke5 37. Kc3 e3 38. Nd5 Ke4 39. b4 axb4+ 40. Kxb4 Kd4 41. a4 Ne4 42. a5 Nc5 43. Kb5 Nb7 44. a6 Nd6+ 45. Kc6 Nc8 46. Kc7 Na7 47. Kb7 h5 48. Kxa7 h4 49. Kb7 h3 50. a7 Kc5 51. a8=Q 1-0


[Site "https://www.chess.com"]

[Event "Titled Tuesday Blitz March 07 Late 2023"]
[White "Kretchetov, Alexandre"]
[Black "Bogaudinov, Rushan"]
[WhiteFideId "4124588"]
[BlackFideId "4129288"]
[WhiteElo "2538"]
[BlackElo "1949"]
[Result "1-0"]
[Round "07"]
[TimeControl "180+2"]
[Date "2023.03.07"]
[WhiteClock "0:00:14"]
[BlackClock "0:00:06"]

1. d4 Nf6 2. c4 e6 3. Nc3 Bb4 4. Qc2 d5 5. cxd5 Nxd5 6. Nf3 c5 7. e4 Nb6 8. dxc5 Bxc5 9. Bb5+ Bd7 10. O-O Nc6 11. Rd1 Qc7 12. Qe2 a6 13. Bd3 Ne5 14. Bf4 Nxf3+ 15. Qxf3 e5 16. Bg3 O-O 17. Rac1 Rac8 18. h4 Be6 19. Nd5 Qd6 20. Bf1 Nxd5 21. exd5 Bd7 22. h5 h6 23. Qe2 f5 24. Bxe5 Qe7 25. Re1 Qh4 26. Qf3 f4 27. Rxc5 Rxc5 28. Bd6 Bg4 29. Qb3 Rfc8 30. Bxc5 Rxc5 31. Qxb7 Rc2 32. Qb8+ Rc8 33. Qxf4 Qxh5 34. d6 Qg6 35. Rd1 Rf8 36. Qc4+ Be6 37. Qd3 Qf7 38. f3 Bd7 39. Qd5 Be6 40. Qd4 Qd7 41. Bc4 Rd8 42. Bxe6+ Qxe6 43. Qe4 Kf7 44. Qxe6+ Kxe6 45. Kf2 Kd7 46. Ke3 Rb8 47. b3 Rb5 48. Rd4 Rg5 49. g4 Re5+ 50. Kf4 Re2 51. a4 a5 52. Rd3 Re6 53. Kf5 Rf6+ 54. Ke5 Rg6 55. f4 Rxg4 56. Kf5 Rg2 57. Ke5 h5 58. Kd5 h4 59. Kc4 Rg3 60. Rd5 h3 61. Rh5 Kxd6 62. Rxa5 g6 63. Ra8 Ke6 64. Rh8 Kf5 65. a5 Kg4 66. a6 Rg1 67. a7 Ra1 68. a8=Q Rxa8 69. Rxa8 Kxf4 70. Rh8 Kg3 71. b4 g5 72. b5 g4 73. b6 Kg2 74. b7 h2 75. b8=Q h1=Q 76. Rxh1 Kxh1 77. Qf4 Kg2 78. Qxg4+ Kf2 79. Qh3 1-0


[Site "https://www.chess.com"]

[Event "Titled Tuesday Blitz March 07 Late 2023"]
[White "Rian, Kapriaga"]
[Black "Reprintsev, Alexander"]
[WhiteFideId "7103263"]
[BlackFideId "14100541"]
[WhiteElo "2371"]
[BlackElo "2229"]
[Result "0-1"]
[Round "07"]
[TimeControl "180+2"]
[Date "2023.03.07"]
[WhiteClock "0:00:03"]
[BlackClock "0:00:47"]

1. d4 d5 2. Bf4 Nf6 3. e3 c5 4. c3 Qb6 5. Qb3 c4 6. Qxb6 axb6 7. Nd2 b5 8. a3 Nc6 9. Ngf3 b4 10. cxb4 Nxb4 11. Rc1 Nc6 12. Be2 Bf5 13. O-O e6 14. Nh4 Bg4 15. f3 Bh5 16. g4 Bg6 17. Nxg6 hxg6 18. Bg3 Kd7 19. Rfd1 Bd6 20. Bxd6 Kxd6 21. Bf1 b5 22. e4 Nd7 23. b3 f6 24. a4 Nxd4 25. Nxc4+ bxc4 26. Rxd4 cxb3 27. exd5 exd5 28. Bc4 Ra5 29. Bxb3 Ne5 30. Kg2 Rb8 31. Bd1 g5 32. Be2 Rb2 33. Kf1 Ra2 34. Bb5 Nxf3 35. Rd3 Nxh2+ 36. Kg1 Nxg4 37. Rcd1 Ne5 38. Rxd5+ Ke7 39. Rc5 R2xa4 40. Rc7+ Ke6 41. Bxa4 Rxa4 42. Rxg7 Ra2 43. Re1 Kf5 44. Rf1+ Ke6 45. Rg8 g4 46. Rf8 Nf3+ 47. Rxf3 gxf3 48. Rb8 Kf5 49. Rb4 Kg5 50. Kf1 f5 51. Rc4 Rg2 52. Rb4 Re2 53. Rc4 Re4 54. Rc8 Kf4 55. Kf2 Re2+ 56. Kf1 Ra2 57. Rc4+ Kg3 58. Rc8 Ra1+ 0-1


[Site "https://www.chess.com"]

[Event "Titled Tuesday Blitz March 07 Late 2023"]
[White "Crispin Ferreras, Darvi Abraham"]
[Black "Sokac, Marko"]
[WhiteFideId "6402771"]
[BlackFideId "14531356"]
[WhiteElo "2106"]
[BlackElo "2355"]
[Result "0-1"]
[Round "07"]
[TimeControl "180+2"]
[Date "2023.03.07"]
[WhiteClock "0:00:12"]
[BlackClock "0:00:08"]

1. e4 d6 2. d4 Nf6 3. Nc3 c6 4. Nge2 e5 5. g3 Be7 6. Bg2 b5 7. a3 Bb7 8. O-O a5 9. d5 cxd5 10. exd5 b4 11. axb4 axb4 12. Rxa8 Bxa8 13. Nb1 Nbd7 14. c4 bxc3 15. Nbxc3 O-O 16. h3 Nb6 17. Kh2 Qc7 18. f4 Rd8 19. g4 Qc4 20. g5 Nfxd5 21. fxe5 dxe5 22. Qc2 Nb4 23. Qf5 Bxg2 24. Kxg2 Nd3 25. Be3 Nd7 26. b3 Qc6+ 27. Kh2 Qg6 28. Nd5 Bf8 29. Ng3 N7c5 30. Bxc5 Bxc5 31. b4 Bf8 32. Qxg6 hxg6 33. Ne3 Nxb4 34. Rd1 Rxd1 35. Nxd1 f5 36. gxf6 gxf6 37. Kg2 Kf7 38. Kf3 Ke6 39. Ne4 Nd5 40. h4 Be7 41. Nb2 f5 42. Ng5+ Bxg5 43. hxg5 e4+ 44. Ke2 f4 45. Nc4 Kf5 46. Nd6+ Kxg5 47. Nxe4+ Kf5 48. Kf3 g5 49. Nd6+ Ke6 50. Ne4 Kf5 51. Nd6+ Kg6 52. Kg4 Nf6+ 53. Kf3 Kh5 54. Nf5 Nd5 55. Ng7+ Kg6 56. Nf5 Kxf5 0-1


[Site "https://www.chess.com"]

[Event "Titled Tuesday Blitz March 07 Late 2023"]
[White "Carbone, Diego"]
[Black "Botez, Alexandra"]
[WhiteFideId "3002179"]
[BlackFideId "2603365"]
[WhiteElo "2266"]
[BlackElo "2059"]
[Result "1-0"]
[Round "07"]
[TimeControl "180+2"]
[Date "2023.03.07"]
[WhiteClock "0:00:33"]
[BlackClock "0:00:11"]

1. d4 d5 2. c4 c6 3. Nf3 Nf6 4. e3 e6 5. Nc3 Bd6 6. Qc2 O-O 7. Bd3 h6 8. O-O Nbd7 9. e4 dxe4 10. Nxe4 Nxe4 11. Bxe4 Nf6 12. Bd3 Re8 13. Re1 c5 14. dxc5 Bxc5 15. Bf4 b6 16. Rad1 Qe7 17. a3 a5 18. Qe2 Bb7 19. Bb1 Rad8 20. Be5 Ng4 21. Bg3 Nf6 22. Qc2 Rxd1 23. Qxd1 Rd8 24. Qc2 Kf8 25. Be5 Ng8 26. Qc3 f6 27. Bg3 e5 28. Bf5 Qd6 29. Nh4 Qd2 30. Ng6+ Kf7 31. Bxe5 Bxf2+ 32. Kh1 Bxg2+ 33. Kxg2 Bd4+ 34. Qxd2 fxe5 35. Qe2 1-0


[Site "https://www.chess.com"]

[Event "Titled Tuesday Blitz March 07 Late 2023"]
[White "Kukavica, Tony"]
[Black "Petrovic, Aleksa"]
[WhiteFideId "2062542"]
[BlackFideId "967629"]
[WhiteElo "1993"]
[BlackElo "2326"]
[Result "1/2-1/2"]
[Round "07"]
[TimeControl "180+2"]
[Date "2023.03.07"]
[WhiteClock "0:00:06"]
[BlackClock "0:00:14"]

1. d4 Nf6 2. c4 e6 3. Nc3 Bb4 4. f3 d5 5. a3 Bxc3+ 6. bxc3 c5 7. cxd5 Nxd5 8. dxc5 f5 9. c4 Qf6 10. Bd2 Nc7 11. e3 Nd7 12. Be2 Nxc5 13. Nh3 O-O 14. O-O Bd7 15. Qc2 Ba4 16. Qc3 Rad8 17. Qxf6 gxf6 18. Bb4 N7a6 19. Bc3 Nb3 20. Rad1 Nac5 21. Rxd8 Rxd8 22. Rd1 Rxd1+ 23. Bxd1 Kf7 24. Nf4 b6 25. Nh5 Nd7 26. Kf2 Nbc5 27. Be2 Bc2 28. Nf4 Ne5 29. Bb4 Bb3 30. Bxc5 bxc5 31. Nd3 Nd7 32. Ke1 Ke7 33. Nc1 Ba4 34. Kd2 Bc6 35. Kc3 Nb6 36. Bd1 Ba4 37. Bxa4 Nxa4+ 38. Kb3 Nb6 39. Nd3 Kd6 40. Nf4 e5 41. Nh5 Ke7 42. f4 Kf7 43. Ng3 Kg6 44. h4 h5 45. Ne2 a5 46. Nc3 Kf7 47. Nd5 Nc8 48. Ka4 Nd6 49. Nb6 Nb7 50. Kb5 Ke6 51. Kc6 Nd6 52. Kxc5 Ne4+ 53. Kb5 Nc3+ 54. Kxa5 Nd1 55. c5 Nxe3 56. Kb5 e4 57. a4 Nxg2 58. Nc4 e3 59. Nxe3 Nxe3 60. a5 Nd5 61. Kc6 Nb4+ 62. Kb5 Nd5 63. Kc6 Nb4+ 64. Kb5 Nd5 1/2-1/2


[Site "https://www.chess.com"]